 Dungeon Crawl Stone Soup version 0.29-a0-477-g62b78b4225 (webtiles) character file.

Game seed: 7992459288275630117

80 Infinimo the Cudgeller (level 4, -1/34 HPs)
             Began as a Demonspawn Gladiator on May 24, 2022.
             Slain by a gnoll
             ... wielding a +4 flail
              (12 damage)
             ... on level 3 of the Dungeon.
             The game lasted 00:01:46 (2102 turns).

Infinimo the Cudgeller (Demonspawn Gladiator)       Turns: 2102, Time: 00:01:47

Health: -1/34      AC:  4    Str: 15    XL:     4   Next: 18%
Magic:  4/4        EV: 12    Int: 11    God:
Gold:   39         SH:  0    Dex: 14    Spells: 3/3 levels left

rFire   . . .      SeeInvis .   a - +0 flail
rCold   . . .      Faith    .   (no shield)
rNeg    . . .      Spirit   .   b - +0 leather armour
rPois   .          Reflect  .   (helmet restricted)
rElec   .          Harm     .   (no cloak)
rCorr   .          Rampage  .   (no gloves)
Will    .....                   h - +0 pair of boots
Stlth   +.........              (no amulet)
HPRegen 0.11/turn               (no ring)
MPRegen 0.09/turn               (no ring)

@: no status effects
A: horns 1
a: no special abilities


You were on level 3 of the Dungeon.
You visited 1 branch of the dungeon, and saw 4 of its levels.

You collected 39 gold pieces.

Inventory:

Hand Weapons
 a - a +0 flail (weapon)
Missiles
 d - 3 throwing nets (quivered)
 e - a javelin
Armour
 b - a +0 leather armour (worn)
 c - a +0 helmet
 h - a +0 pair of boots (worn)
Scrolls
 g - a scroll of identify {unknown}
 j - a scroll of teleportation {unknown}
 m - a scroll of magic mapping {unknown}
Potions
 f - a potion of invisibility {unknown}
 i - a potion of curing {unknown}
 k - a potion of degeneration {unknown}
 l - 2 potions of brilliance {unknown}
 n - a potion of ambrosia {unknown}


   Skills:
 + Level 2.7 Fighting
 * Level 3.7 Maces & Flails
 - Level 1.7 Throwing
 + Level 3.2 Dodging


You had 3 spell levels left.
You didn't know any spells.
Your spell library contained the following spells:

 Spells                   Type           Power      Damage    Failure   Level
 Slow                     Hex            0%         N/A       41%         1
 Confusing Touch          Hex            0%         N/A       78%         3
 Vampiric Draining        Necr           0%         2d6       78%         3


Dungeon Overview and Level Annotations

Branches:
Dungeon (4/15)
 Temple: D:4-7

Altars:


Innate Abilities, Weirdness & Mutations

You have a pair of small horns on your head.


Message History

No target in view!
No target in view!
No target in view!
No target in view!
No target in view!
HP restored.
Things that are here:
a +0 dagger; a goblin corpse You see here a +0 dagger.
You now have 39 gold pieces (gained 4).
A bat comes into view.
A bat is nearby!
A bat is nearby!
You kill the bat!
No target in view!
No target in view!
No target in view!
No target in view!
No target in view!
No target in view!
No target in view!
No target in view!
There is a shaft here.
A gnoll comes into view. It is wielding a +0 club.
A gnoll is nearby!
A gnoll comes into view. It is wielding a +0 spear.
The gnoll shouts!
A gnoll comes into view. It is wielding a +4 flail.
The gnoll shouts!
The gnoll hits you with a +0 club.
You sock the gnoll!
The gnoll is severely wounded.
The gnoll is severely wounded.
The gnoll is severely wounded.
You headbutt the gnoll.
You kill the gnoll!
The gnoll hits you with a +4 flail!
The gnoll hits you from afar with a +0 spear!
The gnoll hits you with a +4 flail!
You die...

#########
#.......#
###.#####@#
#...# #g#
###^### #g#
#...# #.#
#.### ..#
#.# ..' #.#
..# #.#
##.# #.#


You could see 2 gnolls.

Vanquished Creatures
  2 gnolls
  An adder (D:2)
  A dart slug (D:1)
  A worm (D:4)
  2 endoplasms (D:1)
  2 giant cockroaches (D:1)
  6 goblins
  8 hobgoblins
  4 jackals (D:1)
  2 quokkas (D:1)
  4 ball pythons
  3 bats
  2 frilled lizards (D:1)
  2 kobolds (D:1)
  4 rats (D:1)
44 creatures vanquished.

Notes
Turn   | Place    | Note
-------+----------+-------------------------------------------
     0 | D:1      | Infinimo the Demonspawn Gladiator began the quest for the
                  | Orb.
     0 | D:1      | Reached XP level 1. HP: 16/16 MP: 1/1
   309 | D:1      | Gained mutation: You have a pair of small horns on your
                  | head. [demonic ancestry]
   309 | D:1      | Reached XP level 2. HP: 15/22 MP: 2/2
   848 | D:1      | Reached XP level 3. HP: 27/28 MP: 3/3
  1744 | D:2      | You fall into a shaft and drop 2 floors!
  1954 | D:3      | Reached XP level 4. HP: 27/34 MP: 4/4
  2102 | D:3      | Slain by a gnoll

Illustrated notes

Levels and vault maps discovered:
D:1:      zaba_arrival_water, layout_rooms, minivault_27,
          minmay_misc_feat_alley, moated_statue
D:2:      minmay_diamond_boxcup, layout_loops_ring, serial_shops, shop,
          uniq_natasha
D:3:      layout_basic, nicolae_ecumenical_pavilion
D:4:      minmay_inner_zag, layout_basic, uniq_robin

Skill      XL: |  1  2 |
---------------+-------+-----
Maces & Flails | 3 |  3.7
Dodging        | 3 |  3.2
Fighting       | |  2.7
Throwing       | |  1.7

Action                   |  1- 3 |  4- 6 || total
-------------------------+-------+-------++-------
Melee: Flail             |   107 |    13 ||   120
       Punch             |     1 |       ||     1
       Headbutt          |    15 |     2 ||    17
Armor: Leather armour    |    39 |     4 ||    43
Dodge: Dodged            |    83 |     7 ||    90

Table legend: (Time is in decaauts)
 A = Elapsed time spent in this place.
 B = Non-inter-level travel time spent in this place.
 C = Inter-level travel time spent in this place.
 D = Time resting spent in this place.
 E = Time spent auto-exploring this place.
 F = Levels seen in this place.
 G = Mean time per level.
                   A        B        C        D        E       F      G
               +--------+--------+--------+--------+--------+-----+--------+
         Total |   2135 |   2092 |     43 |      0 |   1739 |   4 |  533.8 |
       Dungeon |   2135 |   2092 |     43 |      0 |   1739 |   4 |  533.8 |
               +--------+--------+--------+--------+--------+-----+--------+

Top non-repeatable levels by time:
     D:1: 1566 daAuts
     D:2: 207 daAuts
     D:4: 205 daAuts
     D:3: 156 daAuts
